 Dungeon Crawl Stone Soup version 0.19.5 (webtiles) character file.

251 equalderp2856 the Scratcher (level 5, -1/24 HPs)
             Began as a Felid Fighter on Mar 26, 2017.
             Slain by an orc wizard
             ... wielding a +0 dagger
              (2 damage)
             ... on level 3 of the Dungeon.
             The game lasted 00:13:02 (4900 turns).

equalderp2856 the Scratcher (Felid Fighter)         Turns: 4900, Time: 00:13:03

Health: -1/24      AC:  1    Str: 13    XL:     5   Next: 88%
Magic:  6/6        EV: 21    Int:  9    God:
Gold:   47         SH:  0    Dex: 16    Spells: 0 memorised, 4 levels left
                                        Lives:  0   Deaths: 1

rFire  . . .     SeeInvis +       - Unarmed
rCold  . . .     Gourm    .     (armour unavailable)
rNeg   . . .     Faith    .     (shield unavailable)
rPois  .         Spirit   .     (helmet unavailable)
rElec  .         Reflect  .     (cloak unavailable)
rCorr  .         Harm     .     (gloves unavailable)
MR     .....                    (boots unavailable)
Stlth  ++........               (no amulet)
                                (no ring)
                                (no ring)

@: quick
A: no armour, no weapons or thrown items, stealth, claws 1, fangs 3, see
invisible, carnivore 3, speed 1, shaggy fur 1, slow metabolism 1, sharp paws
a: no special abilities


You were on level 3 of the Dungeon.
You were not hungry.

You visited 1 branch of the dungeon, and saw 3 of its levels.
You also visited: Sewer.

You collected 47 gold pieces.

Inventory:

Missiles
 f - 30 arrows
Jewellery
 h - an uncursed amulet of inaccuracy
Scrolls
 e - a scroll of identify
 l - a scroll of amnesia
Potions
 a - 2 potions of might
 c - 3 potions of curing
 d - a potion of resistance {unknown}
 n - a potion of flight {unknown}
 o - 7 potions of heal wounds
 p - 2 potions of agility {unknown}
Comestibles
 b - 2 meat rations
 i - a slice of pizza
 k - 2 bread rations


   Skills:
 + Level 3.6 Fighting
 + Level 5.5 Dodging
 + Level 3.7 Stealth
 + Level 6.0 Unarmed Combat


You had 4 spell levels left.
You didn't know any spells.

Dungeon Overview and Level Annotations

Branches:
Dungeon (3/15)

Altars:
Nemelex Xobeh


Innate Abilities, Weirdness & Mutations

You cannot wear armour.
You are incapable of wielding weapons or throwing items.
Your paws allow you to move quietly. (Stealth)
You have sharp claws.
You have razor-sharp teeth.
You have supernaturally acute eyesight. (SInv)
You are carnivorous and can eat meat at any time.
You cover ground quickly.
You are covered in fur. (AC +1)
You have a slow metabolism.
Your sharp claws are effective at attacking unaware monsters.


Message History

The orc wizard points at you and mumbles some strange words.
You are confused.
You bump into the metal wall.
The orc wizard casts a spell.
The orc wizard flickers and vanishes for a moment.
You're too confused to move!
The orc wizard casts a spell at you.
You are more confused.
The orc wizard casts a spell at you. The magic dart hits you!
You bump into the metal wall.
You bump into the metal wall.
The orc wizard points at you and mumbles some strange words.
The puff of flame hits you!
* * * LOW HITPOINT WARNING * * *
You feel better.
You are engulfed in a cloud of scalding steam.
* * * LOW HITPOINT WARNING * * *
The orc wizard hits you with a dagger.
You die...

#≈≈≈##≈#≈# #≈#≈##≈#≈#
#≈#≈#≈≈#≈# #≈#≈#≈##≈####
#≈#≈#≈≈≈≈#... ..
#≈#≈#≈####..# ##.##
#≈#≈≈≈)≈≈##.# ##....
###########≈##<#######.....
...≈≈≈≈≈ooo@#...............
#.≈≈#≈#≈####....###.#....#.
##.≈.≈≈≈≈≈......# #..
#......≈............ ##.
#.#..............#..# #..
#.###.#.##......#..⌠.⌠.... #
#...###.##.###.._....o ###..
..# ## #⌠.⌠..#. #####..
..o..o


You could see an orc wizard (invisible) and 2 orcs.

Vanquished Creatures
  2 big kobolds (Sewer)
  6 adders
  4 river rats (Sewer)
  An ooze (Sewer)
  2 worms (D:2)
  A dart slug (D:1)
  3 leopard geckos
  2 orcs (D:3)
  3 giant cockroaches (D:1)
  7 goblins
  2 hobgoblins
  11 jackals
  2 quokkas (D:3)
  4 ball pythons
  2 bats (D:2)
  4 frilled lizards
  16 kobolds
  27 rats
99 creatures vanquished.

Notes
Turn   | Place    | Note
-------+----------+-------------------------------------------
     0 | D:1      | equalderp2856 the Felid Fighter began the quest for the Orb.
     0 | D:1      | Reached XP level 1. HP: 10/10 MP: 2/2
   280 | D:1      | Reached XP level 2. HP: 10/14 MP: 3/3
   955 | D:2      | Reached XP level 3. HP: 16/17 MP: 4/4
  1296 | D:2      | Reached skill level 1 in Stealth
  2261 | D:2      | Reached XP level 4. HP: 21/21 MP: 5/5
  2553 | D:3      | Found a sparkling altar of Nemelex Xobeh.
  2872 | D:2      | Reached skill level 5 in Unarmed Combat
  2936 | D:3      | Found a glowing drain.
  2943 | Sewer    | Entered a sewer
  3574 | Sewer    | Reached XP level 5. HP: 13/24 MP: 6/6
  3736 | Sewer    | Reached skill level 5 in Dodging
  3836 | Sewer    | Slain by a big kobold
  3837 | Sewer    | Reached XP level 4. HP: 0/21 MP: 5/5
  4005 | Sewer    | Killed a big kobold
  4005 | Sewer    | Reached XP level 5. HP: 17/24 MP: 6/6
  4258 | Sewer    | Reached skill level 6 in Unarmed Combat
  4900 | D:3      | HP: 1/24 [orc wizard] (11)]
  4900 | D:3      | Slain by an orc wizard

Skill      XL: |  1  2  3  4  5 |
---------------+----------------+-----
Stealth        | 1 3 |  3.7
Unarmed Combat | 5 6 |  6.0
Dodging        | 5 |  5.5
Fighting       | |  3.6

Action                   |  1- 3 |  4- 6 || total
-------------------------+-------+-------++-------
Melee: Unarmed           |    83 |   219 ||   302
       Bite              |     4 |    17 ||    21
       Punch             |     1 |     4 ||     5
  Use: Scroll            |     1 |     6 ||     7
       Potion            |       |     3 ||     3
 Stab: Sleeping          |     6 |     4 ||    10
       Distracted        |       |     1 ||     1
  Eat: Chunk             |    10 |     4 ||    14
Armor: Skin              |     7 |     9 ||    16
Dodge: Dodged            |    73 |   174 ||   247
